 Dungeon Crawl Stone Soup version 0.23-a0-608-g7a20e1320a (webtiles) character file.

171720 Napalmbreeze the Eclecticist (level 17, -1/103 HPs)
             Began as a Deep Elf Fire Elementalist on Dec 21, 2018.
             Was the Champion of Vehumet.
             Shot with an arrow by Vashnia (3 damage)
             ... on level 2 of the Snake Pit on Dec 22, 2018.
             The game lasted 03:02:30 (41672 turns).

Napalmbreeze the Eclecticist (DEFE)                Turns: 41672, Time: 03:02:30

Health: -1/103     AC: 15    Str:  5    XL:     17   Next: 14%
Magic:  27/39      EV: 14    Int: 33    God:    Vehumet [******]
Gold:   1672       SH:  5    Dex: 15    Spells: 7/49 levels left

rFire    + + .     SeeInvis .   O - +4 demon trident
rCold    . . .     Gourm    .   b - +0 buckler
rNeg     . . .     Faith    +   E - quicksilver dragon scales
rPois    +         Spirit   .   e - +2 hat {MR+}
rElec    .         Reflect  .   G - +1 cloak
rCorr    .         Harm     .   o - +0 pair of gloves
MR       +++..                  P - +0 pair of boots
Stlth    +.........             y - amulet of Kebb {Faith +Inv rF++ Slay-3}
HPRegen  0.27/turn              j - ring of poison resistance
MPRegen  0.26/turn              t - +5 ring of intelligence

@: very slightly contaminated
A: no striking features
}: 1/15 runes: barnacled
a: Renounce Religion, Evoke Invisibility


You were on level 2 of the Snake Pit.
You worshipped Vehumet.
Vehumet was exalted by your worship.
You were hungry.

You visited 5 branches of the dungeon, and saw 29 of its levels.
You also visited: Gauntlet.

You collected 2319 gold pieces.
You spent 647 gold pieces at shops.

Inventory:

Hand Weapons
 O - a +4 demon trident (weapon)
Armour
 b - a +0 buckler (worn)
 e - a +2 hat of magic resistance (worn)
 o - a +0 pair of gloves (worn)
 u - a +2 robe of fire resistance
 E - quicksilver dragon scales (worn)
 G - a +1 cloak (worn)
 P - a +0 pair of boots (worn)
 X - a +2 helmet of intelligence
Magical Staves
 D - a cursed staff of energy
Jewellery
 d - an uncursed ring of wizardry
 h - the amulet "Kazej" {Acrobat Dex+4, unknown}
   (You found it on level 1 of the Snake Pit)

   [amulet of the acrobat]

   It helps you evade while moving and waiting.
   It affects your dexterity (+4).
 j - a ring of poison resistance (left hand)
 l - an uncursed ring of see invisible
 n - an uncursed ring of protection from fire
 t - a +5 ring of intelligence (right hand)
 y - the amulet of Kebb (around neck) {Faith +Inv rF++ Slay-3}
   (You bought it in a shop on level 2 of the Orcish Mines)

   [amulet of faith]

   It allows you to gain divine favour quickly.
   It affects your accuracy and damage with ranged weapons and melee attacks
   (-3).
   It greatly protects you from fire.
   It lets you turn invisible.
 F - an uncursed ring of resist corrosion
Wands
 r - a wand of scattershot (5)
 v - a wand of flame (14)
 C - a wand of disintegration (9)
 H - a wand of digging (15)
 I - a wand of clouds (5)
 V - a wand of iceblast (18)
 Y - a wand of acid (15)
Scrolls
 a - 2 scrolls of magic mapping
 k - a scroll of acquirement {unknown}
 m - 11 scrolls of remove curse
 x - 5 scrolls of teleportation
 B - 2 scrolls of enchant armour
 M - 4 scrolls of fog
Potions
 g - a potion of mutation
 i - 6 potions of flight
 p - a potion of magic
 q - 4 potions of curing
 w - 4 potions of haste
 A - 5 potions of brilliance
 J - 3 potions of invisibility
 K - a potion of resistance {unknown}
 L - 5 potions of cancellation {unknown}
 N - 2 potions of degeneration {unknown}
 S - 3 potions of might {unknown}
 T - 3 potions of lignification {unknown}
Miscellaneous
 R - a lamp of fire
 Z - a lightning rod (4/4)
Comestibles
 c - 26 rations


   Skills:
 + Level 10.5 Fighting
 + Level 11.9 Dodging
 - Level 2.4 Stealth
 - Level 4.5 Shields
 + Level 16.6 Spellcasting
 + Level 14.3 Conjurations
 + Level 10.3 Summonings
 - Level 12.6 Fire Magic
 - Level 8.0 Ice Magic
 - Level 6.0 Air Magic
 - Level 10.3 Evocations


You had 7 spell levels left.
You knew the following spells:

 Your Spells              Type           Power        Failure   Level  Hunger
a - Flame Tongue          Conj/Fire      #####        1%          1    None
c - Summon Lightning Spi  Summ/Air       ######..     2%          4    None
d - Conjure Flame         Conj/Fire      #######.     1%          3    None
e - Fireball              Conj/Fire      #######...   1%          5    None
f - Sticky Flame          Conj/Fire      #######.     1%          4    None
g - Airstrike             Air            ######....   1%          4    None
q - Spellforged Servitor  Conj/Summ      #######...   11%         7    ####...
s - Throw Flame           Conj/Fire      ######       1%          2    None
t - Bolt of Fire          Conj/Fire      #######...   1%          6    #......
w - Freezing Cloud        Conj/Ice/Air   ######....   6%          6    #......

Your spell library contained the following spells:

 Spells                   Type           Power        Failure   Level  Hunger
 Chain Lightning          Conj/Air       #######...   83%         8    ######.
 Fire Storm               Conj/Fire      #######...   99%         9    #######
 Glaciate                 Conj/Ice       #######...   100%        9    #######
 Magic Dart               Conj           ####         0%          1    None
 Freeze                   Ice            ####         1%          1    None
 Shock                    Conj/Air       ####         1%          1    None
 Sting                    Conj/Pois      ####         1%          1    None
 Summon Small Mammal      Summ           ####         1%          1    None
 Call Imp                 Summ           #######.     1%          2    None
 Ensorcelled Hibernation  Hex/Ice        ######       1%          2    None
 Searing Ray              Conj           ######       1%          2    None
 Throw Frost              Conj/Ice       ######       1%          2    None
 Call Canine Familiar     Summ           #######.     1%          3    None
 Dazzling Spray           Conj/Hex       ######       1%          3    None
 Ignite Poison            Fire/Tmut/Pois ######..     1%          3    None
 Inner Flame              Hex/Fire       ######..     1%          3    None
 Mephitic Cloud           Conj/Pois/Air  ######..     1%          3    None
 Static Discharge         Conj/Air       #######.     1%          3    None
 Force Lance              Conj/Tloc      ######..     1%          4    None
 Fulminant Prism          Conj/Hex       ######....   1%          4    None
 Iskenderun's Mystic Bla  Conj           #######.     1%          4    None
 Summon Ice Beast         Ice/Summ       ######..     1%          4    None
 Throw Icicle             Conj/Ice       #######.     1%          4    None
 Lightning Bolt           Conj/Air       #######...   1%          5    None
 Summon Guardian Golem    Hex/Summ       ######..     2%          3    None
 Poisonous Vapours        Pois/Air       #####.       3%          2    None
 Swiftness                Chrm/Air       #####...     3%          2    None
 Iskenderun's Battlesphe  Conj/Chrm      ######..     3%          5    None
 Venom Bolt               Conj/Pois      ######....   3%          5    None
 Ozocubu's Armour         Chrm/Ice       ######..     4%          3    None
 Conjure Ball Lightning   Conj/Air       #######...   4%          6    #......
 Animate Skeleton         Necr           N/A          7%          1    None
 Apportation              Tloc           ####..       7%          1    None
 Confusing Touch          Hex            ####..       7%          1    None
 Corona                   Hex            ####...      7%          1    None
 Infusion                 Chrm           ####         7%          1    None
 Shroud of Golubria       Chrm/Tloc      ####......   11%         2    None
 Slow                     Hex            ####....     11%         2    None
 Song of Slaying          Chrm           ####....     11%         2    None
 Olgreb's Toxic Radiance  Pois           ####....     17%         4    None
 Confuse                  Hex            ####....     22%         3    None
 Portal Projectile        Hex/Tloc       ####..       22%         3    None
 Regeneration             Chrm/Necr      ####......   22%         3    None
 Spectral Weapon          Hex/Chrm       ####....     22%         3    None
 Spider Form              Tmut/Pois      ####......   22%         3    None
 Tukima's Dance           Hex            ####....     22%         3    None
 Summon Mana Viper        Hex/Summ       ######..     22%         5    None
 Yara's Violent Unravell  Hex/Tmut       ####......   43%         5    None
 Silence                  Hex/Air        #####.....   50%         5    None
 Cause Fear               Hex            ####......   56%         4    None
 Leda's Liquefaction      Hex/Erth       ####......   56%         4    None
 Deflect Missiles         Chrm/Air       #####.....   97%         6    #......
 Ring of Flames           Chrm/Fire      ######....   99%         7    ####...
 Invisibility             Hex            ####....     100%        6    #......
 Dragon Form              Tmut           ####......   100%        7    ####...
 Ignition                 Fire           #######...   52%         8    ######.
 Discord                  Hex            ####......   100%        8    ######.
 Dragon's Call            Summ           #######...   100%        9    #######
 Shatter                  Erth           ####......   100%        9    #######
 Tornado                  Air            ######....   100%        9    #######


Dungeon Overview and Level Annotations

Branches:
Dungeon (15/15)            Temple (0/1) D:5            Lair (6/6) D:10
 Shoals (4/4) Lair:4        Snake (2/4) Lair:3        Slime (0/5) Lair:5
    Orc (2/2) D:11            Elf (0/3) Orc:2        Vaults (0/5) D:13
 Depths (0/5) D:15

Altars:
Ashenzari
Dithmenos
Fedhas
Kikubaaqudgha
Makhleb
Nemelex Xobeh
Ru
Trog
Uskayaw
Vehumet
Wu Jian
Xom
Yredelemnul

Shops:
D:5 =   D:7 *   D:11 }(%   Orc:2 !=!%

Portals:
Hell: Lair:6

Annotations:
D:3 3 runed doors, hemabe's ghost, amateur HuAr
Snake:2 Vashnia


Message History

The bolt of electricity hits the anaconda.
The bolt of electricity hits the mana viper.
You swap places.
Your salamander is poisoned.
The black mamba bites your naga!
Your naga loses its grip on the black mamba.
Your naga warrior hits the black mamba with a +0 hand axe.
Your naga warrior misses the black mamba.
Your naga warrior grabs the black mamba.
Your naga warrior constricts the black mamba.
The black mamba closely misses your naga warrior.
The naga sharpshooter gestures wildly while chanting.
The naga sharpshooter magically shoots a bolt.
The bolt hits you!
* * * LOW HITPOINT WARNING * * *
Vashnia casts a spell.
Vashnia magically shoots an arrow.
The arrow hits you!
* * * LOW HITPOINT WARNING * * *
The arrow freezes you.
You die...

.......)..(..........
#...
#...........(.......)
#... #.......NN...##....
##... #...)..#.SN(####..
#.... ##....###..S8## #.
#.... ##....###S.S(##
..... ##...8###N(N.##
...#. ##....###.N..# .
#N ##....###@..## ##.
##) ##....##....# ##....
##..
##....#....###....###...
##.........#....##.8..#
##............##(...##
##...........##.(.##
#...........#..(##
##.............##
##...........##


You could see Vashnia, a naga sharpshooter, an anaconda, a naga ritualist, a
mana viper, 2 black mambas, a friendly naga warrior, a friendly salamander, a
friendly naga and a friendly lightning spire.

Vanquished Creatures
  Gastronok (D:11)
  Louise (Shoals:1)
  A stone giant (D:12)
  Azrael (D:12)
  2 dire elephants
  3 merfolk javelineers
  An ettin (D:12)
  5 merfolk impalers
  4 vault guards (D:13)
  2 naga warriors (Snake:1)
  7 hydras
  3 catoblepae
  An alligator snapping turtle (Shoals:2)
  A death knight (D:14)
  An anaconda (Snake:1)
  4 centaur warriors
  2 satyrs
  2 merfolk aquamancers (Shoals:4)
  7 two-headed ogres
  A merfolk avatar (Shoals:4)
  An ogre mage (D:15)
  2 death yaks
  Urug (D:11)
  Nergalle (Orc:1)
  A naga sharpshooter (Snake:2)
  An orc high priest (Orc:2)
  Sonja (Lair:2)
  4 skeletal warriors
  2 sixfirhies
  10 sea snakes
  An unseen horror (D:15)
  A wizard (D:13)
  A naga ritualist (Snake:1)
  6 harpies
  A deep elf mage (D:15)
  8 ugly things
  5 cyclopes
  A mana viper (Snake:2)
  25 fauns
  2 orc knights (Orc:2)
  3 orc sorcerers
  An oklob plant (Lair:2)
  7 black mambas
  6 elephants
  4 manticores
  9 merfolk sirens
  2 guardian serpents
  8 spiny frogs
  2 water nymphs
  2 centaur zombies
  An orange demon (Lair:6)
  2 torpor snails
  A gargoyle (D:13)
  4 naga magi
  5 rime drakes (Lair:6)
  6 komodo dragons
  2 efreet
  2 ice devils (Lair:6)
  3 freezing wraiths
  A kobold demonologist (D:13)
  A hellwing (Lair:6)
  A red devil (Lair:6)
  2 tengu conjurers
  A redback zombie (D:15)
  A yaktaur (D:13)
  5 trolls
  A hornet (D:10)
  2 polar bears
  3 slime creatures (D:13)
  20 merfolk
  12 blink frogs
  3 wind drakes
  3 dream sheep (Shoals:1)
  11 hippogriffs
  A snapping turtle (Shoals:2)
  3 wyverns
  4 water elementals
  4 fire elementals
  2 wraiths
  A human (D:13)
  40 yaks
  A basilisk (Lair:3)
  4 hungry ghosts
  7 nagas
  A warg (Orc:1)
  7 hell hounds
  An acid dragon (D:13)
  6 water moccasins
  6 porcupines
  4 ice beasts
  17 orc warriors
  3 eyes of draining
  5 sky beasts
  6 wolves
  9 ogres
  2 phantoms
  A boggart (D:12)
  24 centaurs
  12 crocodiles
  9 big kobolds
  13 bullfrogs
  A gnoll sergeant (D:11)
  6 scorpions
  3 killer bees (D:13)
  5 electric eels
  3 howler monkeys (D:9)
  6 crimson imps
  3 jellies
  3 hounds
  25 orc wizards
  21 orc priests
  5 bullfrog skeletons
  4 centaur skeletons
  3 iguanas
  Natasha (twice) (D:2)
  9 worker ants
  2 killer bee zombies
  A hound zombie (D:6)
  3 worker ant zombies
  Robin (D:4)
  12 adders
  8 gnolls
  4 river rats (D:7)
  6 shadow imps
  4 ufetubi (Gauntlet)
  An adder skeleton (D:4)
  2 dart slugs (D:1)
  3 worms
  2 leopard geckos
  71 orcs
  7 giant cockroaches
  18 goblins
  7 hobgoblins
  10 jackals
  24 kobolds
  4 quokkas
  4 ball pythons
  10 bats
  6 frilled lizards
  5 rats
  4 fungi
  21 plants
794 creatures vanquished.

Vanquished Creatures (collateral kills)
  Rupert (D:15)
  Polyphemus (Shoals:2)
  Kirke (Shoals:2)
  Ilsuiw (Shoals:2)
  A very ugly thing (Shoals:3)
  2 minotaurs
  2 merfolk javelineers (Shoals:4)
  The ghost of Neqiobe the Geomancer, a journeyman GrEE of Vehumet (Lair:3)
  A vault guard (D:13)
  A merfolk impaler (Shoals:4)
  2 naga warriors (Snake:1)
  2 merfolk avatars (Shoals:4)
  2 hydras
  2 anacondas
  A catoblepas (D:13)
  2 alligator snapping turtles
  A merfolk aquamancer (Shoals:4)
  2 satyrs
  3 death yaks (Shoals:2)
  4 naga sharpshooters (Snake:2)
  A skeletal warrior (D:15)
  2 sea snakes
  A wizard (Lair:6)
  A naga ritualist (Snake:2)
  2 harpies (Shoals:1)
  4 orc sorcerers (Orc:2)
  6 ugly things
  A mana viper (Snake:2)
  13 fauns
  A salamander (Snake:2)
  4 elephants
  2 manticores
  6 black mambas
  An apocalypse crab (Gauntlet)
  A guardian serpent (Snake:1)
  3 naga magi
  Psyche (D:11)
  A torpor snail (Lair:6)
  An orange demon (Lair:6)
  A centaur skeleton (D:15)
  A spiny frog (Lair:6)
  A rime drake (Lair:6)
  An ice devil (Lair:6)
  2 komodo dragons
  2 polar bears
  A troll (D:12)
  3 merfolk
  A wind drake (Shoals:4)
  3 blink frogs (Lair:5)
  3 hippogriffs
  2 snapping turtles
  A water elemental (Shoals:4)
  6 yaks (Lair:5)
  2 wyverns (Lair:5)
  A wraith (D:14)
  4 basilisks
  A fire elemental (D:12)
  6 nagas
  A water moccasin (Lair:5)
  2 hell hounds
  4 orc warriors
  2 ogres
  A wolf (Lair:6)
  A crocodile (D:15)
  A big kobold (D:14)
  A wyvern skeleton (D:11)
  A crimson imp (D:10)
  3 orc priests (Orc:2)
  4 orc wizards (Orc:2)
  4 orcs
  8 plants
160 creatures vanquished.

Vanquished Creatures (others)
  4 humans (Shoals:2)
  14 fungi
  86 plants
  7 toadstools (Lair:5)
111 creatures vanquished.

Grand Total: 1065 creatures vanquished

Notes
Turn   | Place    | Note
-------+----------+-------------------------------------------
     0 | D:1      | Napalmbreeze the Deep Elf Fire Elementalist began the quest
                  | for the Orb.
     0 | D:1      | Reached XP level 1. HP: 10/10 MP: 6/6
   124 | D:1      | Reached XP level 2. HP: 15/15 MP: 4/8
   160 | D:1      | Learned a level 2 spell: Throw Flame
   703 | D:2      | Reached XP level 3. HP: 13/19 MP: 3/10
   777 | D:2      | Found a faded altar of an unknown god.
   823 | D:2      | Noticed Natasha
   830 | D:2      | Killed Natasha
   830 | D:2      | Reached XP level 4. HP: 10/24 MP: 0/11
   882 | D:2      | Noticed Natasha
   885 | D:2      | Killed Natasha
   885 | D:2      | Reached skill level 4 in Spellcasting
   948 | D:2      | Learned a level 3 spell: Conjure Flame
   953 | D:2      | Learned a level 4 spell: Sticky Flame
   962 | D:2      | Found a basalt altar of Yredelemnul.
   963 | D:2      | Found a shimmering altar of Xom.
   963 | D:2      | Found a radiant altar of Vehumet.
   973 | D:2      | Became a worshipper of Vehumet
  1536 | D:3      | Found an ancient bone altar of Kikubaaqudgha.
  1539 | D:3      | Found a blossoming altar of Fedhas.
  1551 | D:3      | Found a runed gate.
  1555 | D:3      | Found a runed gate.
  1556 | D:3      | Found a runed gate.
  1556 | D:3      | Noticed hemabe's ghost (amateur HuAr)
  1566 | D:3      | Reached * piety under Vehumet
  1566 | D:3      | Offered knowledge of Shock by Vehumet.
  1580 | D:3      | Reached XP level 5. HP: 28/28 MP: 4/13
  1723 | D:3      | Found a hide-covered altar of Uskayaw.
  1804 | D:3      | Found a shattered altar of Ashenzari.
  2383 | D:4      | Reached XP level 6. HP: 10/32 MP: 5/15
  2435 | D:4      | Reached skill level 5 in Spellcasting
  2537 | D:4      | Learned a level 5 spell: Fireball
  2578 | D:4      | Reached skill level 5 in Conjurations
  2817 | D:4      | Offered knowledge of Freeze by Vehumet.
  2959 | D:4      | Reached skill level 5 in Fire Magic
  2962 | D:4      | Reached ** piety under Vehumet
  2964 | D:4      | Noticed Robin
  3009 | D:4      | Killed Robin
  3259 | D:4      | Reached XP level 7. HP: 36/36 MP: 4/17
  3936 | D:4      | Offered knowledge of Searing Ray by Vehumet.
  4049 | D:5      | Entered Level 5 of the Dungeon
  4061 | D:5      | Found a staircase to the Ecumenical Temple.
  4089 | D:5      | Reached skill level 6 in Spellcasting
  4454 | D:5      | Found Pocy's Jewellery Emporium.
  4764 | D:5      | Reached *** piety under Vehumet
  4864 | D:5      | You fall through a shaft for 2 floors!
  4892 | D:7      | Found Uteatrym's General Store.
  5431 | D:7      | Reached XP level 8. HP: 19/41 MP: 15/20
  5778 | D:7      | Reached skill level 7 in Spellcasting
  5888 | D:7      | Offered knowledge of Airstrike by Vehumet.
  5894 | D:7      | Learned a level 4 spell: Airstrike
  6026 | D:7      | Found a sparkling altar of Nemelex Xobeh.
  6346 | D:6      | Reached skill level 1 in Air Magic
  6459 | D:6      | Reached skill level 1 in Fighting
  6608 | D:6      | Reached XP level 9. HP: 37/47 MP: 8/22
  7001 | D:6      | Found a sacrificial altar of Ru.
  7004 | D:6      | Found a bloodstained altar of Trog.
  7074 | D:6      | Reached skill level 8 in Spellcasting
  7420 | D:7      | Reached **** piety under Vehumet
  8182 | D:8      | Noticed a two-headed ogre
  8194 | D:8      | Killed a two-headed ogre
  8194 | D:8      | Reached skill level 5 in Dodging
  8543 | D:8      | Found an ornate altar of the Wu Jian Council.
  8794 | D:8      | Offered knowledge of Static Discharge by Vehumet.
  8802 | D:8      | Learned a level 4 spell: Summon Lightning Spire
  8990 | D:9      | Reached XP level 10. HP: 56/56 MP: 20/24
  9133 | D:9      | Reached skill level 10 in Conjurations
  9187 | D:9      | Reached skill level 9 in Spellcasting
  9253 | D:9      | Found a shadowy altar of Dithmenos.
  9735 | D:10     | Entered Level 10 of the Dungeon
  9787 | D:10     | Found a staircase to the Lair.
 10416 | D:10     | Reached ***** piety under Vehumet
 10689 | Lair:1   | Entered Level 1 of the Lair of Beasts
 10731 | Lair:1   | Noticed a spiny frog
 10743 | Lair:1   | Killed a spiny frog
 10865 | Lair:1   | You fall through a shaft!
 10872 | Lair:1   | Noticed a six-headed hydra
 10885 | Lair:2   | Reached skill level 10 in Spellcasting
 10942 | Lair:2   | Noticed a five-headed hydra
 10947 | Lair:2   | Killed a five-headed hydra
 10947 | Lair:2   | Reached skill level 1 in Summonings
 11155 | Lair:2   | Reached XP level 11. HP: 21/62 MP: 2/27
 11564 | Lair:2   | Noticed Sonja
 11566 | Lair:2   | Killed Sonja
 11566 | Lair:2   | Offered knowledge of Fulminant Prism by Vehumet.
 11792 | Lair:2   | Noticed an eight-headed hydra
 11800 | Lair:2   | Killed an eight-headed hydra
 11800 | Lair:2   | Reached skill level 5 in Air Magic
 11819 | Lair:2   | Noticed a six-headed hydra
 11822 | Lair:2   | Killed a six-headed hydra
 11822 | Lair:2   | Reached skill level 5 in Fighting
 12013 | Lair:2   | Noticed an oklob plant
 12436 | Lair:1   | Reached skill level 11 in Spellcasting
 12500 | Lair:1   | Killed a six-headed hydra
 12615 | Lair:1   | Learned a level 6 spell: Freezing Cloud
 13186 | Lair:2   | Killed an oklob plant
 13368 | Lair:3   | Noticed Neqiobe's ghost (journeyman GrEE)
 13473 | Lair:3   | Found a gate leading to a gauntlet.
 13484 | Gauntlet | Entered a Gauntlet
 13484 | Gauntlet | Found a transporter.
 13484 | Gauntlet | Found a transporter.
 13489 | Gauntlet | Found a transporter.
 13495 | Gauntlet | Noticed a sixfirhy
 13496 | Gauntlet | Found a transporter.
 13506 | Gauntlet | Found a transporter.
 13507 | Gauntlet | Found a transporter.
 13507 | Gauntlet | Noticed a fire crab
 13512 | Gauntlet | Found a transporter.
 13514 | Gauntlet | Noticed a wolf spider
 13515 | Gauntlet | Noticed an entropy weaver
 13517 | Gauntlet | Found a transporter.
 13517 | Gauntlet | Found a transporter.
 13542 | Gauntlet | Found a transporter.
 13620 | Gauntlet | Found a transporter.
 13634 | Gauntlet | Found a transporter.
 13647 | Gauntlet | Found a transporter.
 13773 | Gauntlet | Found a transporter.
 13791 | Gauntlet | Found a transporter.
 13803 | Gauntlet | Found a transporter.
 13918 | Gauntlet | Killed a sixfirhy
 14004 | Gauntlet | Paralysed by an apocalypse crab for 4 turns
 14336 | Gauntlet | Noticed a minotaur
 14342 | Gauntlet | Killed a minotaur
 14342 | Gauntlet | Reached skill level 10 in Fire Magic
 14342 | Gauntlet | Reached XP level 12. HP: 66/69 MP: 3/29
 14597 | Lair:3   | Reached skill level 1 in Shields
 14739 | Lair:3   | Found a runed gate.
 14739 | Lair:3   | Found a runed gate.
 14744 | Lair:3   | Found a runed gate.
 14972 | Lair:3   | Noticed a minotaur
 14989 | Lair:3   | Found a staircase to the Snake Pit.
 15244 | Lair:3   | Found a shimmering altar of Xom.
 15527 | Lair:3   | Learned a level 5 spell: Venom Bolt
 15585 | Lair:4   | Identified the Grimoire of Poisoning
 15649 | Lair:4   | Reached skill level 5 in Summonings
 15673 | Lair:4   | Reached skill level 1 in Evocations
 15804 | Lair:4   | Found a staircase to the Shoals.
 16576 | Lair:5   | Reached skill level 12 in Spellcasting
 17180 | Lair:5   | Offered knowledge of Bolt of Cold by Vehumet.
 17366 | Lair:5   | Found a staircase to the Slime Pits.
 17413 | Lair:5   | Reached skill level 1 in Ice Magic
 17413 | Lair:5   | Reached XP level 13. HP: 62/76 MP: 13/31
 17726 | Lair:5   | Found a runed door.
 18296 | Lair:5   | Reached skill level 10 in Dodging
 18305 | Lair:5   | Noticed a dire elephant
 18789 | Lair:5   | Killed a dire elephant
 19151 | Lair:6   | Entered Level 6 of the Lair of Beasts
 19773 | Lair:6   | Reached skill level 5 in Evocations
 20489 | Lair:6   | Reached skill level 13 in Spellcasting
 20749 | Lair:6   | Noticed a dire elephant
 20755 | Lair:6   | Killed a dire elephant
 20861 | Lair:6   | Found a burning altar of Makhleb.
 21377 | Lair:6   | Found a gateway to Hell.
 21541 | D:11     | Found Meojirru's Antique Weapon Shoppe.
 21729 | D:11     | Found Vaatsoer's Gadget Shop.
 21802 | D:11     | Noticed Psyche
 21802 | D:11     | Noticed Urug
 21807 | D:11     | Killed Psyche
 21812 | D:11     | Killed Urug
 22252 | D:11     | Found Ullettic's Food Shop.
 22267 | D:11     | Offered knowledge of Bolt of Magma by Vehumet.
 22338 | D:11     | Found a burning altar of Makhleb.
 22507 | D:11     | Noticed Gastronok
 22515 | D:11     | Killed Gastronok
 22515 | D:11     | Reached XP level 14. HP: 83/83 MP: 23/33
 22713 | D:11     | Reached skill level 5 in Ice Magic
 22897 | D:11     | Found a staircase to the Orcish Mines.
 23355 | D:12     | Noticed a stone giant
 23364 | D:12     | Noticed Azrael
 23380 | D:12     | Killed Azrael
 23895 | D:12     | Offered knowledge of Ozocubu's Refrigeration by Vehumet.
 24063 | D:12     | Killed a stone giant
 25356 | D:13     | Found a bloodstained altar of Trog.
 25575 | D:13     | Reached skill level 14 in Spellcasting
 26213 | D:13     | Found a gate to the Vaults.
 27931 | D:15     | Entered Level 15 of the Dungeon
 28141 | D:15     | Reached XP level 15. HP: 89/89 MP: 4/35
 28557 | D:15     | Offered knowledge of Bolt of Fire by Vehumet.
 28570 | D:15     | Learned a level 6 spell: Bolt of Fire
 29327 | D:15     | Noticed Rupert
 29334 | D:15     | Killed Rupert
 30118 | D:15     | Found a staircase to the Depths.
 30390 | Orc:1    | Entered Level 1 of the Orcish Mines
 30390 | Orc:1    | Noticed Nergalle
 30393 | Orc:1    | Killed Nergalle
 30531 | Orc:1    | Reached skill level 15 in Spellcasting
 30676 | Orc:1    | You fall through a shaft!
 30676 | Orc:2    | Entered Level 2 of the Orcish Mines
 31108 | Orc:2    | Offered knowledge of Poison Arrow by Vehumet.
 31201 | Orc:2    | Found a staircase to the Elven Halls.
 31266 | Orc:2    | Found Emibburak's Distillery.
 31267 | Orc:2    | Found Vourey's Jewellery Shop.
 31270 | Orc:2    | Found Fuasotat's Distillery.
 31270 | Orc:2    | Found Sarisoid's Food Boutique.
 31894 | Orc:2    | Bought the amulet of Kebb {Faith +Inv rF++ Slay-3} for 647
                  | gold pieces
 32079 | Shoals:1 | Entered Level 1 of the Shoals
 32500 | Shoals:1 | Noticed Louise
 32506 | Shoals:1 | Killed Louise
 33947 | Shoals:2 | Reached ****** piety under Vehumet
 33953 | Shoals:2 | Reached skill level 10 in Evocations
 34182 | Shoals:2 | Noticed Polyphemus
 34238 | Shoals:2 | Offered knowledge of Spellforged Servitor by Vehumet.
 34240 | Shoals:2 | Reached XP level 16. HP: 59/97 MP: 8/37
 34249 | Shoals:2 | Noticed Kirke
 34393 | Shoals:2 | Killed Kirke
 34943 | Shoals:2 | Noticed Ilsuiw
 35136 | Shoals:2 | Learned a level 7 spell: Spellforged Servitor
 35148 | Shoals:2 | Killed Polyphemus
 35986 | Shoals:2 | Killed Ilsuiw
 37410 | Shoals:3 | Offered knowledge of Fire Storm by Vehumet.
 37410 | Shoals:3 | Offered knowledge of Glaciate by Vehumet.
 37410 | Shoals:3 | Offered knowledge of Chain Lightning by Vehumet.
 37810 | Shoals:4 | Entered Level 4 of the Shoals
 38282 | Shoals:4 | Reached skill level 10 in Summonings
 38302 | Shoals:4 | Reached skill level 10 in Fighting
 38599 | Shoals:4 | Reached skill level 16 in Spellcasting
 39336 | Shoals:4 | Got a barnacled rune of Zot
 39822 | Shoals:4 | Identified the Tome of Hurtful Execration
 40330 | Lair:3   | Killed Neqiobe's ghost
 40422 | Snake:1  | Entered Level 1 of the Snake Pit
 40432 | Snake:1  | You fall through a shaft!
 40432 | Snake:2  | Noticed Vashnia
 40547 | Snake:2  | Reached XP level 17. HP: 26/103 MP: 3/39
 41057 | Snake:1  | Got a brightly glowing bone amulet
 41672 | Snake:2  | HP: 2/103 [Vashnia/arrow (17)]
 41672 | Snake:2  | Shot with an arrow by Vashnia

Vault maps used:
D:1:      lemuel_arrival_room
D:2:      chequers_temple_overflow_statue_of_worship, first_ration,
          chequers_ecumenical_altar_island, uniq_natasha
D:3:      grunt_temple_overflow_growth_and_decay,
          eat_drink_and_be_merry_uskayaw, gammafunk_ghost_necromancy,
          nicolae_ashenzari_panopticon
D:4:      uniq_robin
D:5:      minmay_temple_entry_offerings, serial_shops, shop
D:6:      grunt_temple_overflow_open
D:7:      wad_woods_tower, nemelex_altar_shiori, serial_shops,
          nicolae_shop_stone, serial_bayou_lake_a
D:8:      kennysheep_little_box
D:9:      lemuel_coloured_pillars_altar, hangedman_fish_farm
D:10:     dpeg_oklobed_lair
D:11:     kennysheep_orc_monster_closet_entryway, serial_shops, shop,
          nicolae_shop_trees, nicolae_shop_trees, basic_altar, uniq_gastronok,
          uniq_psyche, uniq_urug
D:12:     minmay_checkered_concentric_circles, uniq_azrael
D:13:     grunt_vaults_entry_fortified, trog_ov_bears_minmay
D:15:     grunt_enter_depths_magical_seal, minivault_24, uniq_rupert
Lair:1:   columned_hall_lemuel
Lair:2:   uniq_sonja
Lair:3:   minmay_snake_entry_spellcaster, gauntlet_entry_generic, basic_altar,
          maelrawn_ghost_gauntlet_escape
Lair:4:   minmay_shoals_entry_beasts, grunt_megastairs_5
Lair:5:   gammafunk_lair_enchanted_lake, slime_dummy
Lair:6:   evil_forest
Shoals:1: nicolae_shoals_seven_spires, uniq_louise
Shoals:2: uniq_polyphemus, uniq_ilsuiw, uniq_kirke
Shoals:3: portal_ice_cave_entry_ugly_swarm, nicolae_shoals_cliffside_cave
Shoals:4: shoals_end_grunt_garden
Snake:2:  minmay_shop_grove, uniq_vashnia, uniq_frances
Orc:1:    nicolae_orc_rockfall, uniq_nergalle
Orc:2:    st_orc_mages
Gauntlet: gammafunk_gauntlet_branching

Skill      XL: |  1  2  3  4  5  6  7  8  9 10 11 12 13 14 15 16 |
---------------+-------------------------------------------------+-----
Conjurations   | 2 3 4 5 7 8 9 10 11 12 13 14 | 14.3
Spellcasting   | 4 5 6 7 8 10 11 12 13 14 15 16 | 16.6
Fire Magic     | 4 5 6 7 9 10 11 12 | 12.6
Air Magic      | 2 3 4 6 |  6.0
Dodging        | 3 5 7 8 9 10 11 | 11.9
Fighting       | 1 3 4 5 6 7 8 9 10 | 10.5
Summonings     | 1 4 5 10 | 10.3
Shields        | 4 |  4.5
Evocations     | 3 6 8 10 | 10.3
Ice Magic      | 1 4 7 8 |  8.0
Stealth        | |  2.4

Action                   |  1- 3 |  4- 6 |  7- 9 | 10-12 | 13-15 | 16-18 || total
-------------------------+-------+-------+-------+-------+-------+-------++-------
Melee: Unarmed           |     1 |       |       |       |       |       ||     1
       Trident           |       |     8 |    98 |    96 |    56 |       ||   258
       Demon trident     |       |       |       |       |   151 |    35 ||   186
 Cast: Flame Tongue      |    31 |   121 |   156 |   127 |   235 |    49 ||   719
       Throw Flame       |    12 |    35 |    62 |    55 |    65 |     7 ||   236
       Conjure Flame     |       |     6 |     9 |    18 |    21 |     1 ||    55
       Sticky Flame      |       |     1 |     9 |    33 |    44 |     9 ||    96
       Fireball          |       |       |    22 |    76 |   148 |    21 ||   267
       Summon Lightning  |       |       |     1 |    19 |    81 |    46 ||   147
       Airstrike         |       |       |       |     8 |    36 |     6 ||    50
       Freezing Cloud    |       |       |       |     5 |    58 |    13 ||    76
       Venom Bolt        |       |       |       |    11 |    53 |       ||    64
       Bolt of Fire      |       |       |       |       |    81 |    99 ||   180
       Spellforged Servi |       |       |       |       |       |    26 ||    26
 Abil: Evoke Invisibilit |       |       |       |       |     1 |     1 ||     2
Evoke: Wand              |       |       |       |     1 |     5 |     8 ||    14
       Sack of spiders   |       |       |       |       |       |     1 ||     1
  Use: Potion            |       |     5 |       |     2 |     2 |    10 ||    19
       Scroll            |       |     4 |     1 |    15 |    13 |    11 ||    44
 Stab: Sleeping          |       |       |     1 |     1 |       |       ||     2
       Distracted        |       |       |       |       |     3 |     1 ||     4
  Eat: Chunk             |       |     8 |    15 |    22 |    31 |     5 ||    81
       Ration            |       |       |     2 |     3 |     9 |     7 ||    21
Armor: Robe              |     7 |    13 |     2 |       |       |       ||    22
       Quicksilver drago |       |       |    56 |    71 |   122 |    46 ||   295
Dodge: Dodged            |    11 |    32 |    62 |    99 |   155 |    76 ||   435
Block: Buckler           |       |       |       |    13 |    66 |    50 ||   129

Table legend:
 A = Non-vault XP
 B = Vault XP
 C = Vault XP percentage of total XP
 D = Non-vault monster count
 E = Vault monster count
 F = Vault count percentage of total count
                 A         B        C        D         E       F
            +---------+---------+-------+---------+---------+-------
      Total |  139972 |   86771 |  38.3 |     674 |     247 |  26.8
            +---------+---------+-------+---------+---------+-------
        D:1 |      29 |       0 |   0.0 |      15 |       0 |   0.0
        D:2 |      88 |      36 |  29.0 |      16 |       1 |   5.9
        D:3 |     192 |       0 |   0.0 |      33 |       0 |   0.0
        D:4 |     535 |      37 |   6.5 |      35 |      12 |  25.5
        D:5 |     450 |       0 |   0.0 |      20 |       0 |   0.0
        D:6 |    1626 |       0 |   0.0 |      27 |       0 |   0.0
        D:7 |     472 |      83 |  15.0 |      15 |       6 |  28.6
        D:8 |    1819 |       0 |   0.0 |      26 |       0 |   0.0
        D:9 |    1350 |     270 |  16.7 |      20 |       1 |   4.8
       D:10 |     973 |       0 |   0.0 |      21 |       0 |   0.0
       D:11 |    3117 |    4180 |  57.3 |      28 |      23 |  45.1
       D:12 |    4409 |    5155 |  53.9 |      26 |      13 |  33.3
       D:13 |    7547 |    6591 |  46.6 |      24 |      12 |  33.3
       D:14 |    9101 |       0 |   0.0 |      26 |       0 |   0.0
       D:15 |   10497 |    8168 |  43.8 |      25 |      12 |  32.4
     Lair:1 |    4355 |       0 |   0.0 |      14 |       0 |   0.0
     Lair:2 |    5823 |     788 |  11.9 |      15 |       1 |   6.2
     Lair:3 |    4125 |    1980 |  32.4 |      20 |       5 |  20.0
     Lair:4 |    2562 |    2444 |  48.8 |      14 |      10 |  41.7
     Lair:5 |    9787 |    5550 |  36.2 |      44 |      10 |  18.5
     Lair:6 |    5269 |    8642 |  62.1 |      22 |      25 |  53.2
   Shoals:1 |    9948 |    1620 |  14.0 |      21 |       1 |   4.5
   Shoals:2 |   15742 |   10711 |  40.5 |      29 |      13 |  31.0
   Shoals:3 |   11944 |    3697 |  23.6 |      24 |       8 |  25.0
   Shoals:4 |    9830 |   16626 |  62.8 |      27 |      32 |  54.2
    Snake:1 |    9697 |       0 |   0.0 |      29 |       0 |   0.0
    Snake:2 |    5236 |    2072 |  28.4 |      15 |       4 |  21.1
      Orc:1 |     865 |     816 |  48.5 |      11 |       1 |   8.3
      Orc:2 |    2584 |    4255 |  62.2 |      32 |      46 |  59.0
   Gauntlet |       0 |    3050 | 100.0 |       0 |      11 | 100.0
            +---------+---------+-------+---------+---------+-------
